 Dungeon Crawl Stone Soup version 0.31-a0-182-gc5ef74bbde (webtiles) character file.

Game seed: 3547963005630143190

198 qw the Chopper (level 5, -1/33 HPs)
             Began as a Gargoyle Fighter on June 20, 2023.
             Slain by Pikel
             ... wielding a +2 whip of flaming
              (4 damage)
             ... on level 4 of the Dungeon.
             The game lasted 00:01:02 (2491 turns).

qw the Chopper (Gargoyle Fighter)                   Turns: 2491, Time: 00:01:03

Health: -1/33      AC: 10    Str: 22    XL:     5   Next: 77%
Magic:  5/5        EV:  9    Int:  8    God:
Gold:   171        SH:  4    Dex:  9    Spells: 4/4 levels left

rFire   . . .        Y - +1 war axe
rCold   . . .        c - +0 buckler
rNeg    + . .        b - +0 scale mail
rPois   inf          (no helmet)
rElec   +            (no cloak)
rCorr   .            (no gloves)
SInv    .            (no boots)
Will    .....        (no amulet) Stlth
                     (no ring)
HPRegen 0.25/turn    (no ring)
MPRegen 0.09/turn

%: no passive effects
@: no status effects
A: sickness immunity, AC +4, negative energy resistance 1, electricity
resistance, torment resistance 1, petrification resistance
a: no special abilities


You were on level 4 of the Dungeon.
You visited 1 branch of the dungeon, and saw 4 of its levels.

You collected 171 gold pieces.


Innate Abilities, Weirdness & Mutations

You are immune to sickness and miasma.
Your stone body is resilient. (AC +4)
You are immune to poison.
You resist negative energy. (rN+)
You are resistant to electric shocks. (rElec)
You are resistant to unholy torment.
You are immune to petrification.


   Skills:
 + Level 3.9 Fighting
 - Level 5.0 Axes
 - Level 3.2 Armour
 - Level 3.2 Shields


You had 4 spell levels left.
You didn't know any spells.
Your spell library was empty.

Inventory:

Hand Weapons
 j - a +0 flail
 Y - a +1 war axe (weapon)
Missiles
 g - 3 boomerangs (quivered)
Armour
 b - a +0 scale mail (worn)
 c - a +0 buckler (worn)
Jewellery
 h - a ring of wizardry
Scrolls
 i - a scroll of poison {unknown}
Potions
 a - a potion of degeneration {unknown}
 d - 3 potions of might
 e - a potion of berserk rage {unknown}
 f - a potion of magic
 k - a potion of heal wounds {unknown}

Dungeon Overview and Level Annotations

Branches:
Dungeon (4/15)
 Temple: D:4-7

Altars:
Kikubaaqudgha

Annotations:
D:4 Pikel


Message History

You closely miss Pikel.
Pikel says, "Hell isn't that bad."
Pikel barely misses you.
You barely miss Pikel.
The lemure shouts!
You block Pikel's attack.
Pikel hits you with a +2 whip of flaming!
Pikel burns you.
You closely miss Pikel. Pikel closely misses you.
You miss Pikel.
Pikel hits you with a +2 whip of flaming.
Pikel burns you.
You barely miss Pikel. You block Pikel's attack.
You hit Pikel.
Pikel is lightly wounded.
You block Pikel's attack. Pikel closely misses you.
You hit Pikel but do no damage.
Pikel is lightly wounded.
Pikel hits you with a +2 whip of flaming.
Pikel burns you.
You slash Pikel!
Pikel is moderately wounded.
A hobgoblin comes into view.
Pikel hits you with a +2 whip of flaming.
Pikel burns you.
You hit Pikel.
Pikel is moderately wounded.
Pikel hits you with a +2 whip of flaming.
Pikel burns you.
Pikel hits you with a +2 whip of flaming.
Pikel burns you.
You slash Pikel!
Pikel is heavily wounded.
Pikel completely misses you.
You slash Pikel!
Pikel is almost dead.
Pikel hits you with a +2 whip of flaming.
You die...

###.).(...##.##..###....#
###.#######..........#
#.....# ##.#....#..#
#####.# #.#...)...#
#.#### #.....#.#.)..#
#..)<# ###.....####.#
###### ###.### # #.##
#@.# ##K# #5# ##5## #.5g#
#.#.....# .K.#........
...#..........
..5..#...#.>>...


You could see Pikel, 3 lemures and a hobgoblin.

Vanquished Creatures
  A hound (D:3)
  An orc priest (D:3)
  An iguana (D:4)
  5 adders
  A worm (D:4)
  3 dart slugs
  2 orcs (D:3)
  9 bats
  6 endoplasms
  3 giant cockroaches
  3 goblins
  A hobgoblin (D:2)
  3 quokkas
  8 ball pythons
  3 frilled lizards
  5 kobolds
  3 rats
58 creatures vanquished.

Notes
Turn   | Place    | Note
-------+----------+-------------------------------------------
     0 | D:1      | qw the Gargoyle Fighter began the quest for the Orb.
     0 | D:1      | Reached XP level 1. HP: 14/14 MP: 1/1
     0 | D:1      | 0 ||| qw: Version: 0.3-a-9-g12657ce
     0 | D:1      | 0 ||| qw: Game counter: 1231
     0 | D:1      | 0 ||| qw: Always use a shield: true
     0 | D:1      | 0 ||| qw: God list: Okawaru
     0 | D:1      | 0 ||| qw: Allow faded altars: false
     0 | D:1      | 0 ||| qw: Do Orc after D:15 true
     0 | D:1      | 0 ||| qw: Do second Lair branch before Depths: true
     0 | D:1      | 0 ||| qw: Lair rune preference: random
     0 | D:1      | 0 ||| qw: Plans: Normal, Zot:1-4, Slime:5, God:TSO, Crypt,
                  | Tomb, Abyss, Pan, Hells, Win
     0 | D:1      | 0 ||| PLANNING D:1-11
    51 | D:1      | Reached skill level 2 in Axes
   216 | D:1      | Reached XP level 2. HP: 19/19 MP: 2/2
   633 | D:1      | 633 ||| READING scroll labelled ETRIENASANE.
   634 | D:1      | 634 ||| READING scroll labelled FAMNY NUBAREOPS.
   735 | D:1      | 735 ||| READING scroll labelled HIMUIR YNLIDI.
   770 | D:2      | 770 ||| Stepping ~*~*~tactically~*~*~ (hiding).
   797 | D:2      | 797 ||| Stepping ~*~*~tactically~*~*~ (hiding).
   808 | D:2      | 808 ||| Stepping ~*~*~tactically~*~*~ (stealth).
   892 | D:2      | Reached skill level 3 in Axes
   892 | D:2      | Reached XP level 3. HP: 23/23 MP: 3/3
   894 | D:2      | 894 ||| DROPPING +0 club.
   924 | D:2      | Found an ancient bone altar of Kikubaaqudgha.
   925 | D:2      | 925 ||| Stepping ~*~*~tactically~*~*~ (hiding).
   990 | D:2      | Found a faded altar of an unknown god.
  1550 | D:2      | 1550 ||| READING scroll labelled HAL WUYVASIGRO.
  1551 | D:2      | 1551 ||| READING scroll labelled AGASMI LANET.
  1552 | D:2      | 1552 ||| READING scroll labelled XOGGIMUBBO.
  1585 | D:3      | Reached XP level 4. HP: 26/28 MP: 4/4
  1587 | D:3      | 1587 ||| Stepping ~*~*~tactically~*~*~ (stealth).
  1593 | D:3      | 1593 ||| Stepping ~*~*~tactically~*~*~ (stealth).
  1594 | D:3      | 1594 ||| Stepping ~*~*~tactically~*~*~ (stealth).
  1595 | D:3      | 1595 ||| Stepping ~*~*~tactically~*~*~ (stealth).
  1596 | D:3      | 1596 ||| Stepping ~*~*~tactically~*~*~ (stealth).
  1597 | D:3      | 1597 ||| Stepping ~*~*~tactically~*~*~ (stealth).
  1641 | D:3      | Reached skill level 4 in Axes
  1836 | D:3      | 1836 ||| READING scroll labelled GELECL ZIOR.
  1837 | D:3      | 1837 ||| DRINKING 2 fuming orange potions.
  1838 | D:3      | 1838 ||| DRINKING 2 bubbling purple potions.
  1839 | D:3      | 1839 ||| DROPPING potion of brilliance.
  1977 | D:3      | Identified the +2 leather armour "Heyluh" {Dex+2}
  2011 | D:3      | Reached XP level 5. HP: 29/32 MP: 5/5
  2014 | D:3      | 2014 ||| Stepping ~*~*~tactically~*~*~ (hiding).
  2015 | D:3      | 2015 ||| Stepping ~*~*~tactically~*~*~ (hiding).
  2024 | D:3      | 2024 ||| Stepping ~*~*~tactically~*~*~ (stealth).
  2033 | D:3      | 2033 ||| DROPPING +0 whip.
  2155 | D:3      | Reached skill level 5 in Axes
  2258 | D:3      | 2258 ||| DROPPING +2 leather armour "Heyluh" {Dex+2}.
  2466 | D:4      | Noticed a lemure
  2468 | D:4      | Noticed a lemure
  2468 | D:4      | Noticed a lemure
  2469 | D:4      | 2469 ||| Stepping ~*~*~tactically~*~*~ (stealth).
  2470 | D:4      | Noticed Pikel
  2470 | D:4      | Noticed a lemure
  2471 | D:4      | 2471 ||| Stepping ~*~*~tactically~*~*~ (hiding).
  2472 | D:4      | 2472 ||| Stepping ~*~*~tactically~*~*~ (hiding).
  2473 | D:4      | 2473 ||| Stepping ~*~*~tactically~*~*~ (hiding).
  2474 | D:4      | 2474 ||| Stepping ~*~*~tactically~*~*~ (hiding).
  2488 | D:4      | HP: 8/33 [Pikel/+2 whip of flaming (3)]
  2489 | D:4      | HP: 3/33 [Pikel/+2 whip of flaming (2)]
  2491 | D:4      | Slain by Pikel

Levels and vault maps discovered:
D:1:      saegor_arrival_simple_e, layout_loops_ring
D:2:      layout_basic, basic_altar, chequers_ecumenical_altar_grove
D:3:      layout_basic
D:4:      layout_basic, uniq_pikel

Skill      XL: |  1  2  3  4  5 |
---------------+----------------+-----
Axes           | 2 3 4 5 |  5.0
Fighting       | |  3.9
Armour         | |  3.2
Shields        | |  3.2

Action                     |  1- 3 |  4- 6 || total
---------------------------+-------+-------++-------
  Melee: War axe           |    63 |    93 ||   156
  Throw: Boomerang         |    35 |    31 ||    66
    Use: Scroll            |     6 |     1 ||     7
         Potion            |       |     2 ||     2
 Armour: Scale mail        |    34 |    34 ||    68
  Dodge: Dodged            |    25 |    49 ||    74
  Block: Buckler           |    17 |    16 ||    33

Table legend:
 A = Non-vault XP
 B = Vault XP
 C = Vault XP percentage of total XP
 D = Non-vault monster count
 E = Vault monster count
 F = Vault count percentage of total count
                 A         B        C        D         E       F
            +---------+---------+-------+---------+---------+-------
      Total |     284 |       0 |   0.0 |      58 |       0 |   0.0
            +---------+---------+-------+---------+---------+-------
        D:1 |      21 |       0 |   0.0 |      13 |       0 |   0.0
        D:2 |      37 |       0 |   0.0 |      13 |       0 |   0.0
        D:3 |     175 |       0 |   0.0 |      26 |       0 |   0.0
        D:4 |      51 |       0 |   0.0 |       6 |       0 |   0.0
            +---------+---------+-------+---------+---------+-------
